 Dungeon Crawl Stone Soup version 0.30.0-10-gfe55d96785 (webtiles) character file.

Game seed: 5254971931647256684

1487 fozzywoppz the Insei (level 8, -4/62 HPs)
             Began as a Demonspawn Monk on May 13, 2023.
             Was a Believer of Qazlal.
             Killed by nerve-wracking pain
             ... invoked by a shadow imp
              (8 damage)
             ... on level 6 of the Dungeon.
             The game lasted 00:07:36 (5390 turns).

fozzywoppz the Insei (Demonspawn Monk)              Turns: 5390, Time: 00:07:37

Health: -4/62      AC:  9    Str: 12    XL:     8   Next: 50%
Magic:  11/12      EV: 13    Int: 11    God:    Qazlal [**....]
Gold:   165        SH:  3    Dex: 18    Spells: 7/7 levels left

rFire   . .          .
                       - Unarmed
rCold   . . .        c - orb {light}
rNeg    . . .        r - +0 ring mail
rPois   .            (no helmet)
rElec   .            j - +1 cloak
rCorr   .            (no gloves)
SInv    .            (no boots)
Will    .....        (no amulet)
Stlth   +            (no ring)
HPRegen 0.30/turn    (no ring)
MPRegen 0.13/turn

%: no passive effects
@: attractive, hasted, glowing, very quick
A: hooves 1, powered by pain 1, sharp scales 2
a: Renounce Religion, Upheaval


You were on level 6 of the Dungeon.
You worshipped Qazlal.
Qazlal was pleased with you.
You visited 2 branches of the dungeon, and saw 7 of its levels.

You collected 195 gold pieces.
You spent 30 gold pieces at shops.

Inventory:

Hand Weapons
 x - the +5 dagger of the Spheres {pain, rN+ Stlth+}
   (You found it on level 5 of the Dungeon)

   rN:        It protects you from negative energy.
   Stlth:     It makes you more stealthy.
Missiles
 g - 6 atropa-tipped darts (quivered)
 o - 18 poisoned darts
Armour
 a - a +0 robe
 c - an orb of light (worn)
 j - a +1 cloak (worn)
 r - a +0 ring mail (worn)
Wands
 v - a wand of roots (6)
 w - a wand of charming (2)
Scrolls
 b - a scroll of magic mapping {unknown}
 d - a scroll of poison {unknown}
 e - a scroll of identify
 h - a scroll of enchant armour
 n - a scroll of immolation {unknown}
 q - a scroll of fear {unknown}
 s - a scroll of enchant weapon {unknown}
Potions
 f - 2 potions of attraction
 i - a potion of magic
 k - a potion of heal wounds {unknown}
 l - a potion of cancellation
 m - a potion of haste
 p - 2 potions of curing
 t - 2 potions of ambrosia
 u - a potion of mutation {unknown}


   Skills:
 - Level 5.0 Fighting
 - Level 5.0 Dodging
 + Level 7.4 Unarmed Combat
 + Level 5.5 Invocations


You had 7 spell levels left.
You didn't know any spells.
Your spell library contained the following spells:

 Spells                   Type           Power      Damage    Failure   Level
 Cigotuvi's Dreadful Rot  Necr/Pois/Air  0%         N/A       77%         2
 Vhi's Electric Charge    Tloc/Air       0%         N/A       94%         3
 Dispel Undead            Necr           0%         3d6       100%        4
 Arcjolt                  Conj/Air       0%         1d10      100%        5
 Death Channel            Necr           0%         N/A       100%        6
 Plasma Beam              Fire/Air       0%         2x1d11    100%        6
 Malign Gateway           Summ/Tloc      0%         N/A       100%        7
 Summon Horrible Things   Summ           0%         N/A       100%        8


Dungeon Overview and Level Annotations

Branches:
Dungeon (6/15)             Temple (1/1) D:5

Altars:
Dithmenos
Fedhas
Hepliaklqana
Nemelex Xobeh
Okawaru
Qazlal
Trog

Shops:
D:4 *   D:5 **


Innate Abilities, Weirdness & Mutations

You have large cloven feet.
You sometimes gain a little power by taking damage.
You are mostly covered in razor-sharp scales. (AC +2, Slay +2)


Message History

The gnoll sergeant is severely wounded.
The adder closely misses you.
An orc comes into view. It is wielding a +0 dagger.
The gnoll hits you but does no damage. x2
The gnoll sergeant hits you with a +3 trident of venom!
* * * LOW HITPOINT WARNING * * *
The orc is attracted toward you.
You punch the gnoll sergeant!
You kick the gnoll sergeant, but do no damage.
The gnoll sergeant is almost dead.
The adder is engulfed in freezing vapours.
The adder seems to slow down.
The adder closely misses you. The orc is attracted toward you.
Unknown command.
You hit the gnoll sergeant.
You kill the gnoll sergeant!
Qazlal accepts your kill. The orc hits you but does no damage.
The gnoll hits you but does no damage. The gnoll hits you with a +0 spear.
* * * LOW HITPOINT WARNING * * *
Unknown command.
You hit the gnoll.
The gnoll is moderately wounded.
The adder is engulfed in freezing vapours.
The adder seems to slow down.
You kill the adder!
Qazlal accepts your kill.
You punch the gnoll!
The gnoll is almost dead.
The orc hits you but does no damage. The shadow imp barely misses you.
The gnoll hits you from afar with a +0 halberd.
* * * LOW HITPOINT WARNING * * *
The gnoll barely misses you.
Unknown command.
You hit the orc but do no damage. Your kick misses the orc.
The orc hits you but does no damage. The gnoll barely misses you.
The gnoll closely misses you. The shadow imp gestures at you.
Pain shoots through your body!
You die...

....#.#..#..
.........#.# .# #.
...........## .##..
...........##....
#.))).......#
#.).........#
#...).)....####
##.....°g°......
#.......o5@.......
#....#..go<.......
.....###.....#...##
..... #.#####..##
..... ..§# ## ..
#.... ##.. ##


You could see 2 gnolls, a shadow imp and 2 orcs.

Vanquished Creatures
  Sigmund (D:4)
  A black bear (D:4)
  A phantom (D:5)
  A kobold brigand (D:4)
  2 scorpions
  2 necrophages (D:5)
  A gnoll sergeant (D:6)
  4 wights (D:5)
  A water moccasin skeleton (D:5)
  A hound (D:5)
  2 jellies (D:4)
  A spectral scorpion (D:5)
  Crazy Yiuf (D:4)
  2 sleepcaps
  Jessica (D:2)
  Ijyb (D:5)
  An iguana (D:4)
  2 orc wizards (D:6)
  2 gnolls
  10 adders
  An adder skeleton (D:5)
  4 worms
  A dart slug (D:5)
  An adder simulacrum (D:5)
  11 orcs
  7 endoplasms
  3 giant cockroaches
  7 goblins
  8 hobgoblins
  A quokka (D:2)
  4 ball pythons
  3 bats
  3 frilled lizards
  6 kobolds
  4 rats
102 creatures vanquished.

Notes
Turn   | Place    | Note
-------+----------+-------------------------------------------
     0 | D:1      | fozzywoppz the Demonspawn Monk began the quest for the Orb.
     0 | D:1      | Reached XP level 1. HP: 18/18 MP: 1/1
    77 | D:1      | Gained mutation: You sometimes gain a little power by
                  | taking damage. [demonic ancestry]
    77 | D:1      | Reached XP level 2. HP: 24/24 MP: 2/2
    94 | D:1      | Reached skill level 3 in Unarmed Combat
   614 | D:2      | Gained mutation: You have large cloven feet. [demonic
                  | ancestry]
   614 | D:2      | Reached XP level 3. HP: 29/29 MP: 3/3
  1003 | D:2      | Reached XP level 4. HP: 37/37 MP: 4/4
  1156 | D:2      | Noticed Jessica
  1164 | D:2      | Killed Jessica
  1495 | D:3      | Noticed a scorpion
  1512 | D:3      | HP: 1/37 [poisoned by a scorpion]
  1517 | D:3      | Killed a scorpion
  1518 | D:3      | Reached skill level 4 in Unarmed Combat
  1518 | D:3      | Reached XP level 5. HP: 13/43 MP: 5/5
  2730 | D:4      | Reached skill level 5 in Fighting
  2816 | D:4      | Noticed Sigmund
  2832 | D:4      | Killed Sigmund
  2833 | D:4      | Reached skill level 5 in Unarmed Combat
  2833 | D:4      | Reached XP level 6. HP: 31/51 MP: 6/6
  3121 | D:4      | Found a runed translucent door.
  3122 | D:4      | Noticed Crazy Yiuf
  3130 | D:4      | Killed Crazy Yiuf
  3410 | D:4      | Gained mutation: You are partially covered in razor-sharp
                  | scales. (AC +1, Slay +1) [demonic ancestry]
  3410 | D:4      | Reached XP level 7. HP: 46/56 MP: 7/7
  3755 | D:4      | Found Zin's Purification Station.
  4047 | D:5      | Entered Level 5 of the Dungeon
  4136 | D:5      | Reached skill level 6 in Unarmed Combat
  4182 | D:5      | Found Uregext's Specific Store.
  4182 | D:5      | Found Xunguli's General Store.
  4196 | D:5      | Bought a potion of curing for 30 gold pieces
  4202 | D:5      | Found a staircase to the Ecumenical Temple.
  4210 | Temple   | Entered the Ecumenical Temple
  4238 | Temple   | Became a worshipper of Qazlal Stormbringer
  4238 | Temple   | Reached * piety under Qazlal
  4238 | Temple   | Reached ** piety under Qazlal
  4336 | D:5      | Reached skill level 5 in Dodging
  4336 | D:5      | Reached skill level 1 in Invocations
  4687 | D:5      | Gained mutation: You are mostly covered in razor-sharp
                  | scales. (AC +2, Slay +2) [demonic ancestry]
  4687 | D:5      | Reached XP level 8. HP: 53/62 MP: 8/10
  4949 | D:5      | Noticed Ijyb
  4958 | D:5      | Killed Ijyb
  5280 | D:5      | Reached skill level 7 in Unarmed Combat
  5287 | D:5      | Identified the +5 dagger of the Spheres {pain, rN+ Stlth+}
  5360 | D:6      | Reached skill level 5 in Invocations
  5390 | D:6      | Killed from afar by a shadow imp

Illustrated notes

Levels and vault maps discovered:
D:1:      eino_arrival_water_cross, layout_rooms, minmay_misc_feat_x
D:2:      layout_basic, uniq_jessica
D:3:      layout_basic
D:4:      layout_loops_ring, zin_purify, uniq_crazy_yiuf_cottage, uniq_sigmund
D:5:      layout_loops_corners, minmay_temple_entry_statues_fountains, hex_tiny,
          nicolae_specific_store, dilly_guarded_unrand_morg, uniq_ijyb
D:6:      layout_cave_pools, kennysheep_crisscross, grunt_ministairs_5
Temple:   hellmonk_temple_of_storms

Skill      XL: |  1  2  3  4  5  6  7  8 |
---------------+-------------------------+-----
Unarmed Combat | 3 4 5 6 7 |  7.4
Dodging        | 3 4 5 |  5.0
Fighting       | 4 5 |  5.0
Invocations    | 3 5 |  5.5

Action                     |  1- 3 |  4- 6 |  7- 9 || total
---------------------------+-------+-------+-------++-------
  Melee: Unarmed           |    87 |   142 |   154 ||   383
         Kick              |    11 |    65 |    71 ||   147
    Use: Potion            |       |     6 |     4 ||    10
         Scroll            |       |     2 |     3 ||     5
 Armour: Robe              |    12 |    11 |       ||    23
         Ring mail         |       |       |    49 ||    49
  Dodge: Dodged            |    56 |    76 |    95 ||   227
  Block: Orb               |       |       |    12 ||    12
